 Dungeon Crawl Stone Soup version 0.29-a0-82-g837932c90e (webtiles) character file.

Game seed: 67815332808089657

668 lorenzova the Thaumaturge (level 7, -1/36 HPs)
             Began as a Deep Elf Conjurer on Feb 4, 2022.
             Slain by Pikel (8 damage)
             ... while paralysed by Pikel
             ... on level 5 of the Dungeon.
             The game lasted 00:09:26 (4293 turns).

lorenzova the Thaumaturge (Deep Elf Conjurer)       Turns: 4293, Time: 00:09:27

Health: -1/36      AC:  2    Str:  4    XL:     7   Next: 32%
Magic:  15/20      EV:  2    Int: 25    God:
Gold:   206        SH:  0    Dex: 13    Spells: 16/22 levels left

rFire   . . .      SeeInvis .   b - +1 dagger (venom)
rCold   . . .      Faith    .   (no shield)
rNeg    . . .      Spirit   .   a - +0 robe
rPois   .          Reflect  .   (no helmet)
rElec   .          Harm     .   (no cloak)
rCorr   .          Rampage  .   (no gloves)
Will    .....                   (no boots)
Stlth   ++........              (no amulet)
HPRegen 0.12/turn               (no ring)
MPRegen 0.17/turn               (no ring)

@: paralysed
A: no striking features
a: no special abilities


You were on level 5 of the Dungeon.
You visited 1 branch of the dungeon, and saw 5 of its levels.

You collected 206 gold pieces.

Inventory:

Hand Weapons
 b - a +1 dagger of venom (weapon)
Armour
 a - a +0 robe (worn)
Scrolls
 d - 3 scrolls of teleportation
 e - a scroll of immolation
 f - a scroll of fog {unknown}
 j - a scroll of blinking {unknown}
 k - a scroll of enchant weapon {unknown}
 m - a scroll of vulnerability {unknown}
Potions
 c - a potion of attraction
 g - 2 potions of heal wounds {unknown}
 h - a potion of flight {unknown}
 i - 2 potions of curing
 l - a potion of degeneration {unknown}
 n - a potion of lignification {unknown}


   Skills:
 - Level 2.4 Dodging
 - Level 2.4 Stealth
 + Level 8.0 Spellcasting
 + Level 7.6 Conjurations


You had 16 spell levels left.
You knew the following spells:

 Your Spells              Type           Power      Damage    Failure   Level
a - Magic Dart            Conj           100%       1d8       1%          1
b - Searing Ray           Conj           96%        2d7       1%          2
c - Dazzling Flash        Conj/Hex       58%        N/A       3%          3

Your spell library contained the following spells:

 Spells                   Type           Power      Damage    Failure   Level
 Pain                     Necr           40%        1d6       6%          1
 Fulminant Prism          Conj/Hex       14%        3d9       12%         4
 Iskenderun's Mystic Bla  Conj/Tloc      29%        2d7       12%         4
 Agony                    Necr           10%        N/A       86%         5
 Excruciating Wounds      Necr           5%         N/A       86%         5


Dungeon Overview and Level Annotations

Branches:
Dungeon (5/15)
 Temple: D:4-7

Altars:
Hepliaklqana

Annotations:
D:5 Edmund, Pikel


Message History

The magic dart hits Pikel but does no damage.
Pikel is lightly wounded.
Unknown command.
Casting: Magic Dart (safe; 1% risk of failure)
Confirm with . or Enter, or press ? or * to list all spells.
Aiming: Magic Dart (safe; 1% risk of failure)
Press: ? - help, Shift-Dir - straight line, f/p - Pikel
Aim: Pikel, wielding a +2 whip of flaming, wearing a +0 robe and carrying a wand of paralysis (10) (lightly wounded, 100% to hit)
The magic dart hits Pikel.
Pikel is lightly wounded.
Pikel zaps a wand.
You easily resist.
Casting: Magic Dart (safe; 1% risk of failure)
Confirm with . or Enter, or press ? or * to list all spells.
Aiming: Magic Dart (safe; 1% risk of failure)
Press: ? - help, Shift-Dir - straight line, f/p - Pikel
Aim: Pikel, wielding a +2 whip of flaming, wearing a +0 robe and carrying a wand of paralysis (9) (lightly wounded, 100% to hit)
You miscast Magic Dart.
You are very lightly contaminated with residual magic.
Nothing appears to happen.
Casting: Magic Dart (safe; 1% risk of failure)
Confirm with . or Enter, or press ? or * to list all spells.
Aiming: Searing Ray (safe; 1% risk of failure)
Press: ? - help, Shift-Dir - straight line, f/p - Pikel
Aim: Pikel, wielding a +2 whip of flaming, wearing a +0 robe and carrying a wand of paralysis (9) (lightly wounded, 79% to hit)
The searing ray hits Pikel.
Pikel is moderately wounded. (Press . to maintain the ray.)
The searing ray misses Pikel.
Pikel zaps a wand.
You suddenly lose the ability to move!
Pikel hits you with a +2 whip of flaming.
Pikel burns you.
Pikel hits you with a +2 whip of flaming!
Pikel burns you.
Your magical contamination has completely faded away.
Pikel hits you with a +2 whip of flaming!
* * * LOW HITPOINT WARNING * * *
Pikel burns you.
* * * LOW HITPOINT WARNING * * *
Pikel hits you with a +2 whip of flaming!
You die...

. .. ... ##..## ...
#..######......
..###.##.......#
...#....K@)..##
..(..##......)).)#
.#...##5...(#.....
..........##..[.## .#
#............[.
#<.....................
.5..........####.####........
.........#### .. ..........
.....#[..# ...........


You could see Pikel and a lemure.

Vanquished Creatures
  A sky beast (D:5)
  2 ogres (D:5)
  2 lemures (D:4)
  A phantom (D:4)
  A howler monkey (D:5)
  A centaur zombie (D:5)
  An orc priest (D:5)
  An iguana (D:5)
  A centaur skeleton (D:5)
  2 orc wizards
  4 adders
  A white imp (D:5)
  An adder skeleton (D:4)
  2 dart slugs
  6 orcs
  6 endoplasms
  2 giant cockroaches
  7 goblins
  10 hobgoblins
  8 kobolds
  4 quokkas
  5 ball pythons
  7 bats
  A frilled lizard (D:1)
  4 rats
81 creatures vanquished.

Vanquished Creatures (others)
  4 fungi (D:1)
  6 plants (D:1)
10 creatures vanquished.

Grand Total: 91 creatures vanquished

Notes
Turn   | Place    | Note
-------+----------+-------------------------------------------
     0 | D:1      | lorenzova the Deep Elf Conjurer began the quest for the
                  | Orb.
     0 | D:1      | Reached XP level 1. HP: 10/10 MP: 6/6
   224 | D:1      | Found a faded altar of an unknown god.
   243 | D:1      | Reached XP level 2. HP: 15/15 MP: 4/8
   321 | D:2      | Learned a level 2 spell: Searing Ray
   706 | D:1      | Reached skill level 4 in Spellcasting
   965 | D:2      | Reached skill level 5 in Conjurations
   965 | D:2      | Reached XP level 3. HP: 19/19 MP: 7/10
  1861 | D:3      | Reached XP level 4. HP: 17/24 MP: 2/12
  2421 | D:3      | Reached skill level 5 in Spellcasting
  2626 | D:4      | Noticed a phantom
  2635 | D:4      | Killed a phantom
  2636 | D:4      | Reached XP level 5. HP: 28/28 MP: 6/15
  2965 | D:4      | Found a hazy altar of Hepliaklqana.
  3208 | D:4      | Reached skill level 6 in Spellcasting
  3318 | D:5      | Entered Level 5 of the Dungeon
  3318 | D:5      | Noticed a sky beast
  3328 | D:5      | Noticed Edmund
  3428 | D:5      | Noticed an ogre
  3441 | D:5      | Reached XP level 6. HP: 22/32 MP: 12/17
  3575 | D:5      | Reached skill level 7 in Spellcasting
  3626 | D:5      | Learned a level 3 spell: Dazzling Flash
  3676 | D:5      | Killed a sky beast
  3799 | D:5      | Reached XP level 7. HP: 36/36 MP: 16/19
  4248 | D:5      | Reached skill level 8 in Spellcasting
  4281 | D:5      | Noticed Pikel
  4287 | D:5      | Paralysed by Pikel for 7 turns
  4293 | D:5      | Slain by Pikel

Illustrated notes

Levels and vault maps discovered:
D:1:      ebering_trefoil_twist, layout_basic,
          shapermc_ecumenical_altar_mp_urbaneastern, minmay_misc_feat_room
D:2:      layout_basic
D:3:      layout_loops_ring
D:4:      layout_rooms, mainiacjoe_overflow_boulevard, eino_curves_03
D:5:      layout_rooms, temple_green, uniq_pikel, uniq_edmund

Skill      XL: |  1  2  3  4  5  6  7 |
---------------+----------------------+-----
Spellcasting   | 4 5 6 7 8 |  8.0
Conjurations   | 5 6 7 |  7.6
Dodging        | |  2.4
Stealth        | |  2.4

Action                   |  1- 3 |  4- 6 |  7- 9 || total
-------------------------+-------+-------+-------++-------
 Cast: Magic Dart        |    70 |    43 |    22 ||   135
       Searing Ray       |     2 |    11 |    10 ||    23
       Dazzling Flash    |       |     1 |     3 ||     4
  Use: Scroll            |     3 |     2 |       ||     5
Armor: Robe              |     3 |     6 |     2 ||    11
Dodge: Dodged            |     7 |    11 |     8 ||    26

Table legend: (Time is in decaauts)
 A = Elapsed time spent in this place.
 B = Non-inter-level travel time spent in this place.
 C = Inter-level travel time spent in this place.
 D = Time resting spent in this place.
 E = Time spent auto-exploring this place.
 F = Levels seen in this place.
 G = Mean time per level.
                   A        B        C        D        E       F      G
               +--------+--------+--------+--------+--------+-----+--------+
         Total |   4300 |   4146 |    154 |   1658 |   1979 |   5 |  860.0 |
       Dungeon |   4300 |   4146 |    154 |   1658 |   1979 |   5 |  860.0 |
               +--------+--------+--------+--------+--------+-----+--------+

Top non-repeatable levels by time:
     D:4: 1091 daAuts
     D:2: 940 daAuts
     D:1: 841 daAuts
     D:3: 838 daAuts
     D:5: 587 daAuts
